SKY
ATLANTA BRAVES @ BOSTON RED SOX
09/03/2051
 
TOP OF THE 1ST
Atlanta Braves batting - Pitching for Boston Red Sox : RHP Conrad Strong
Pitching: RHP Conrad Strong
Batting: LHB Billy Shimer 0-0: Ball
1-0: Ball
2-0: Ground out 6-3 (Groundball, 6, EV 80.0 MPH)
Batting: RHB C.J. Chayrez 0-0: Ball
1-0: Fly out, F7 (Flyball, 7LS, EV 88.8 MPH)
Batting: LHB Valentin Suárez 0-0: Foul Ball, location: 2F
0-1: Ball
1-1: Foul Ball, location: 2F
1-2: Foul Ball, location: 2F
1-2: Ball
2-2: Ball
3-2: SOLO HOME RUN (Flyball, 7LD, EV 98.1 MPH), Distance : 350 ft
Batting: RHB Josias Jaynes 0-0: Ball
1-0: Swinging Strike
1-1: Ball
2-1: Ball
3-1: Swinging Strike
3-2: Foul Ball, location: 2F
3-2: Fly out, F9 (Flyball, 89D, EV 93.8 MPH)
Top of the 1st over - 1 run, 1 hit, 0 errors, 0 left on base; Atlanta 1 - Boston 0
BOTTOM OF THE 1ST
Boston Red Sox batting - Pitching for Atlanta Braves : RHP Adrián Mariscal
Pitching: RHP Adrián Mariscal
Batting: RHB Jalen Duke 0-0: Ball
1-0: Foul Ball, location: 3F
1-1: Ball
2-1: Ball
3-1: SINGLE (Flyball, 8RS, EV 92.5 MPH)
Batting: RHB Tomas Urbina 0-0: Ball
1-0: Ball
2-0: Ball
3-0: Fly out, F4 (Flyball, 34D, EV 96.9 MPH)
Batting: SHB Christian Gibbs 0-0: Ball
1-0: Ball
2-0: Ball
3-0: Base on Balls
Jalen Duke to second
Batting: RHB William Spicer 0-0: Foul Ball, location: 2F
0-1: Ball
1-1: Foul Ball, location: 5F
1-2: Strikes out swinging
Batting: RHB Liam Sena 0-0: Called Strike
0-1: Ball
1-1: Ball
2-1: Called Strike
2-2: Ball
3-2: Strikes out swinging
Bottom of the 1st over - 0 runs, 1 hit, 0 errors, 2 left on base; Atlanta 1 - Boston 0
TOP OF THE 2ND
Atlanta Braves batting - Pitching for Boston Red Sox : RHP Conrad Strong
Batting: SHB Scott Hill 0-0: Swinging Strike
0-1: Foul Ball, location: 2F
0-2: Strikes out swinging
Batting: RHB Jagger Macon 0-0: Called Strike
0-1: Foul Ball, location: 2F
0-2: Ball
1-2: Foul Ball, location: 25F
1-2: Ball
2-2: Ball
3-2: Foul Ball, location: 2F
3-2: SINGLE (Line Drive, 34, EV 101.9 MPH)
Batting: RHB Peter Guice 0-0: Ball
1-0: Foul Ball, location: 2F
1-1: Ball
2-1: Called Strike
2-2: Fly out, F7 (Flyball, 78D, EV 110.6 MPH)
Batting: RHB Zach Loftin 0-0: Ball
1-0: Ball
2-0: Called Strike
2-1: Foul Ball, location: 5F
2-2: Fly out, F3 (Popup, 34, EV 71.3 MPH)
Top of the 2nd over - 0 runs, 1 hit, 0 errors, 1 left on base; Atlanta 1 - Boston 0
BOTTOM OF THE 2ND
Boston Red Sox batting - Pitching for Atlanta Braves : RHP Adrián Mariscal
Batting: RHB Edilberto García 0-0: Ball
1-0: Ball
2-0: Foul Ball, location: 7LDF
2-1: Called Strike
2-2: Strikes out swinging
Batting: LHB Robin Carter 0-0: Called Strike
0-1: Ball
1-1: Ball
2-1: Ball
3-1: Foul Ball, location: 25FF
3-2: Ground out 5-3 (Groundball, 5, EV 86.3 MPH)
Batting: SHB Ward Saylor 0-0: Swinging Strike
0-1: Ball
1-1: Ball
2-1: Foul Ball, location: 2F
2-2: Ball
3-2: Fly out, F8 (Flyball, 89S, EV 84.4 MPH)
Bottom of the 2nd over - 0 runs, 0 hits, 0 errors, 0 left on base; Atlanta 1 - Boston 0
TOP OF THE 3RD
Atlanta Braves batting - Pitching for Boston Red Sox : RHP Conrad Strong
Batting: RHB Phooka May 0-0: Ball
1-0: Ball
2-0: Ground out 3-1 (Groundball, 34S, EV 88.8 MPH)
Batting: LHB Billy Shimer 0-0: Called Strike
0-1: Foul Ball, location: 3F
0-2: Ball
1-2: Foul Ball, location: 2F
1-2: Fly out, F8 (Flyball, 89M, EV 95.0 MPH)
Batting: RHB C.J. Chayrez 0-0: Foul Ball, location: 5FF
0-1: Ball
1-1: Foul Ball, location: 7LSF
1-2: Ball
2-2: Foul Ball, location: 2F
2-2: Ball
3-2: SINGLE (Line Drive, 9S, EV 99.4 MPH)
Batting: LHB Valentin Suárez 0-0: Foul Ball, location: 2F
0-1: Ball
1-1: Ball
2-1: Ball
3-1: Fly out, F6 (Popup, 6, EV 57.5 MPH)
Top of the 3rd over - 0 runs, 1 hit, 0 errors, 1 left on base; Atlanta 1 - Boston 0
BOTTOM OF THE 3RD
Boston Red Sox batting - Pitching for Atlanta Braves : RHP Adrián Mariscal
Batting: SHB David Aoki 0-0: Ball
1-0: Called Strike
1-1: Foul Ball, location: 7LMF
1-2: Strikes out looking
Batting: RHB Jalen Duke 0-0: Ground out 5-3 (Groundball, 56S, EV 70.6 MPH)
Batting: RHB Tomas Urbina 0-0: Fly out, F2 (Popup, 23F, EV 82.5 MPH)
Bottom of the 3rd over - 0 runs, 0 hits, 0 errors, 0 left on base; Atlanta 1 - Boston 0
TOP OF THE 4TH
Atlanta Braves batting - Pitching for Boston Red Sox : RHP Conrad Strong
Batting: RHB Josias Jaynes 0-0: Called Strike
0-1: Ball
1-1: Fly out, F7 (Line Drive, 7, EV 91.9 MPH)
Batting: SHB Scott Hill 0-0: SINGLE (Groundball, 6, EV 90.6 MPH)
Batting: RHB Jagger Macon 0-0: Ball
1-0: Called Strike
1-1: Ball
2-1: Foul Ball, location: 25F
2-2: Foul Ball, location: 23FF
2-2: Strikes out looking
Batting: RHB Peter Guice 0-0: Called Strike
0-1: Foul Ball, location: 9LMF
0-2: Strikes out looking
Top of the 4th over - 0 runs, 1 hit, 0 errors, 1 left on base; Atlanta 1 - Boston 0
BOTTOM OF THE 4TH
Boston Red Sox batting - Pitching for Atlanta Braves : RHP Adrián Mariscal
Batting: SHB Christian Gibbs 0-0: Foul Ball, location: 5SF
0-1: Ball
1-1: Ball
2-1: Ground out 4-3 (Groundball, 34, EV 90.0 MPH)
Batting: RHB William Spicer 0-0: Called Strike
0-1: Called Strike
0-2: Ball
1-2: Ball
2-2: Ball
3-2: Foul Ball, location: 2LF
3-2: Strikes out looking
Batting: RHB Liam Sena 0-0: Ground out 6-3 (Groundball, 6, EV 110.0 MPH)
Bottom of the 4th over - 0 runs, 0 hits, 0 errors, 0 left on base; Atlanta 1 - Boston 0
TOP OF THE 5TH
Atlanta Braves batting - Pitching for Boston Red Sox : RHP Conrad Strong
Batting: RHB Zach Loftin 0-0: Fly out, F8 (Line Drive, 8LM, EV 91.9 MPH)
Batting: RHB Phooka May 0-0: Ground out 5-3 (Groundball, 56, EV 103.1 MPH)
Batting: LHB Billy Shimer 0-0: Ball
1-0: Ball
2-0: Ball
3-0: Called Strike
3-1: SINGLE (Groundball, 6M, EV 99.4 MPH)
Batting: RHB C.J. Chayrez 0-0: Ball
1-0: Called Strike
1-1: Called Strike
1-2: Foul Ball, location: 5F
1-2: SINGLE (Flyball, 8RS, EV 97.5 MPH)
Billy Shimer to second
Batting: LHB Valentin Suárez 0-0: Called Strike
0-1: Called Strike
0-2: Ball
1-2: Foul Ball, location: 2RF
1-2: Foul Ball, location: 25F
1-2: SINGLE (Groundball, 6MD, EV 96.3 MPH)
Billy Shimer to third
C.J. Chayrez to second
Runner from 3rd tries for Home, SAFE, throw by CF to home
Pitching: RHP José Garza
Batting: RHB Josias Jaynes 0-0: Swinging Strike
0-1: Foul Ball, location: 7LMFF
0-2: Foul Ball, location: 2F
0-2: Ball
1-2: Fielders Choice at 2nd, 6-4 (Groundball, 6, EV 80.6 MPH)
Top of the 5th over - 1 run, 3 hits, 0 errors, 2 left on base; Atlanta 2 - Boston 0
BOTTOM OF THE 5TH
Boston Red Sox batting - Pitching for Atlanta Braves : RHP Adrián Mariscal
Batting: RHB Edilberto García 0-0: Called Strike
0-1: Ball
1-1: Ball
2-1: Ball
3-1: Swinging Strike
3-2: Ground out 5-3 (Groundball, 56S, EV 91.9 MPH)
Batting: LHB Robin Carter 0-0: Ball
1-0: Ball
2-0: Ball
3-0: Called Strike
3-1: Called Strike
3-2: Foul Ball, location: 2F
3-2: Strikes out swinging
Batting: SHB Ward Saylor 0-0: Called Strike
0-1: Called Strike
0-2: Strikes out looking
Bottom of the 5th over - 0 runs, 0 hits, 0 errors, 0 left on base; Atlanta 2 - Boston 0
TOP OF THE 6TH
Atlanta Braves batting - Pitching for Boston Red Sox : RHP José Garza
Batting: SHB Scott Hill 0-0: Ball
1-0: Ball
2-0: Ball
3-0: Called Strike
3-1: Swinging Strike
3-2: Ground out U3 (Groundball, 3, EV 84.4 MPH)
Batting: RHB Jagger Macon 0-0: Ball
1-0: SOLO HOME RUN (Flyball, 9D, EV 106.9 MPH), Distance : 416 ft
Batting: RHB Peter Guice 0-0: Ball
1-0: Called Strike
1-1: Ball
2-1: Ground out 5-3 (Groundball, 5L, EV 101.9 MPH)
Batting: RHB Zach Loftin 0-0: Ball
1-0: Ground out 6-3 (Groundball, 6S, EV 63.8 MPH)
Top of the 6th over - 1 run, 1 hit, 0 errors, 0 left on base; Atlanta 3 - Boston 0
BOTTOM OF THE 6TH
Boston Red Sox batting - Pitching for Atlanta Braves : RHP Adrián Mariscal
Batting: SHB David Aoki 0-0: Ball
1-0: Ball
2-0: Fly out, F8 (Flyball, 8RXD, EV 111.3 MPH)
Batting: RHB Jalen Duke 0-0: SINGLE (Groundball, 13S, EV 73.1 MPH) (infield hit)
Batting: RHB Tomas Urbina 0-0: Ball
1-0: Ball
2-0: Ball
3-0: Fly out, F8 (Flyball, 8LD, EV 97.5 MPH)
Batting: SHB Christian Gibbs 0-0: Ball
1-0: Swinging Strike
1-1: Called Strike
1-2: SINGLE (Line Drive, 3D, EV 103.1 MPH)
Jalen Duke to second
Runner from 2nd tries for 3rd, SAFE, throw by RF made to third
Batting: RHB William Spicer 0-0: Called Strike
0-1: Ball
1-1: Ball
2-1: Fielders Choice at 2nd, 6-4 (Groundball, 56, EV 96.9 MPH)
Bottom of the 6th over - 0 runs, 2 hits, 0 errors, 2 left on base; Atlanta 3 - Boston 0
TOP OF THE 7TH
Atlanta Braves batting - Pitching for Boston Red Sox : RHP José Garza
Batting: RHB Phooka May 0-0: Called Strike
0-1: Fly out, F8 (Line Drive, 8LM, EV 101.3 MPH)
Batting: LHB Billy Shimer 0-0: Foul Ball, location: 23F
0-1: Ball
1-1: Ball
2-1: Swinging Strike
2-2: SINGLE (Line Drive, 4M, EV 68.8 MPH)
Batting: RHB C.J. Chayrez 0-0: Ball
1-0: Called Strike
1-1: Ball
2-1: Ball
3-1: Called Strike
3-2: Base on Balls
Billy Shimer to second
Batting: LHB Valentin Suárez 0-0: Ball
1-0: Swinging Strike
1-1: Called Strike
1-2: Ball
2-2: SINGLE (Groundball, 34D, EV 99.4 MPH)
Billy Shimer to third
C.J. Chayrez to second
Batting: RHB Josias Jaynes 0-0: Ball
1-0: Foul Ball, location: 2F
1-1: Foul Ball, location: 2F
1-2: Ball
2-2: Ball
3-2: SINGLE (Line Drive, 56D, EV 99.4 MPH)
Billy Shimer scores
C.J. Chayrez to third
Valentin Suárez to second
Runner from 3rd tries for Home, SAFE, throw by LF to trailing runner, OUT at third! 7-6-5
Pitching: LHP Ali Ahmadi
Batting: SHB Scott Hill 0-0: Called Strike
0-1: Ball
1-1: Foul Ball, location: 2F
1-2: Ball
2-2: Foul Ball, location: 5FF
2-2: Foul Ball, location: 2F
2-2: Ball
3-2: Base on Balls
Josias Jaynes to second
Batting: RHB Jagger Macon 0-0: Ball
1-0: Ball
2-0: Called Strike
2-1: Swinging Strike
2-2: Ball
3-2: Base on Balls
Josias Jaynes to third
Scott Hill to second
Batting: RHB Peter Guice 0-0: Fly out, F7 (Flyball, 78M, EV 88.8 MPH)
Top of the 7th over - 2 runs, 3 hits, 0 errors, 3 left on base; Atlanta 5 - Boston 0
BOTTOM OF THE 7TH
Boston Red Sox batting - Pitching for Atlanta Braves : RHP Adrián Mariscal
Batting: RHB Liam Sena 0-0: Ball
1-0: Called Strike
1-1: Swinging Strike
1-2: SINGLE (Line Drive, 89M, EV 90.6 MPH)
Pitching: RHP Alcander Eaton
Batting: RHB Edilberto García 0-0: Ball
1-0: Called Strike
1-1: Swinging Strike
1-2: Ball
2-2: Strikes out swinging
Batting: LHB Robin Carter 0-0: Foul Ball, location: 3FF
0-1: Fly out, F1 (Line Drive, P, EV 70.0 MPH)
Batting: SHB Ward Saylor 0-0: Swinging Strike
0-1: Foul Ball, location: 7LMF
0-2: Strikes out swinging
Bottom of the 7th over - 0 runs, 1 hit, 0 errors, 1 left on base; Atlanta 5 - Boston 0
TOP OF THE 8TH
Atlanta Braves batting - Pitching for Boston Red Sox : LHP Ali Ahmadi
Batting: RHB Zach Loftin 0-0: Foul Ball, location: 2F
0-1: Foul Ball, location: 3DF
0-2: Ball
1-2: Ball
2-2: Strikes out looking
Batting: RHB Phooka May 0-0: Ball
1-0: SOLO HOME RUN (Line Drive, 8RXD, EV 103.1 MPH), Distance : 424 ft
Batting: LHB Billy Shimer 0-0: Ball
1-0: Ball
2-0: Foul Ball, location: 2F
2-1: SINGLE (Line Drive, 56, EV 96.9 MPH)
Batting: RHB C.J. Chayrez 0-0: Ball
1-0: Ball
2-0: Called Strike
2-1: Swinging Strike
2-2: Grounds into double play, 5-4-3 (Groundball, 56S, EV 83.8 MPH)
Top of the 8th over - 1 run, 2 hits, 0 errors, 0 left on base; Atlanta 6 - Boston 0
BOTTOM OF THE 8TH
Boston Red Sox batting - Pitching for Atlanta Braves : RHP Alcander Eaton
Batting: SHB David Aoki 0-0: Ball
1-0: Ground out 4-3 (Groundball, 34D, EV 95.6 MPH)
Batting: RHB Jalen Duke 0-0: Swinging Strike
0-1: Foul Ball, location: 3SF
0-2: Ball
1-2: Foul Ball, location: 2LF
1-2: Ball
2-2: Ball
3-2: Strikes out swinging
Batting: RHB Tomas Urbina 0-0: Foul Ball, location: 7LMF
0-1: Foul Ball, location: 2F
0-2: Fly out, F7 (Flyball, 78D, EV 96.9 MPH)
Bottom of the 8th over - 0 runs, 0 hits, 0 errors, 0 left on base; Atlanta 6 - Boston 0
TOP OF THE 9TH
Atlanta Braves batting - Pitching for Boston Red Sox : LHP Ali Ahmadi
Batting: LHB Valentin Suárez 0-0: Ball
1-0: Called Strike
1-1: Ball
2-1: Called Strike
2-2: Fly out, F7 (Flyball, 78S, EV 74.4 MPH)
Batting: RHB Josias Jaynes 0-0: Called Strike
0-1: Ball
1-1: Ball
2-1: Swinging Strike
2-2: Ball
3-2: Ground out 5-3 (Groundball, 5, EV 88.1 MPH)
Batting: SHB Scott Hill 0-0: Foul Ball, location: 3FF
0-1: Ball
1-1: Swinging Strike
1-2: Foul Ball, location: 25FF
1-2: Strikes out swinging
Top of the 9th over - 0 runs, 0 hits, 0 errors, 0 left on base; Atlanta 6 - Boston 0
BOTTOM OF THE 9TH
Boston Red Sox batting - Pitching for Atlanta Braves : RHP Alcander Eaton
Batting: SHB Christian Gibbs 0-0: Ball
1-0: Foul Ball, location: 2F
1-1: Ball
2-1: Called Strike
2-2: Strikes out swinging
Batting: RHB William Spicer 0-0: Ball
1-0: Ground out 6-3 (Groundball, 6, EV 88.8 MPH)
Batting: RHB Liam Sena 0-0: Called Strike
0-1: Ball
1-1: Called Strike
1-2: Ball
2-2: Fly out, F8 (Flyball, 8RD, EV 95.6 MPH)
Bottom of the 9th over - 0 runs, 0 hits, 0 errors, 0 left on base; Atlanta 6 - Boston 0
Thursday, March 28th , 2024 - OOTP Baseball 24.11 Build 85